 Dungeon Crawl Stone Soup version 0.17.0-28-g6e173f8 (console) character file.

112 Kloppie the Insei (level 4, 0/23 HPs)
             Began as a Vine Stalker Monk on Nov 29, 2015.
             Slain by a wight
             ... wielding a +0 mace
              (1 damage)
             ... on level 3 of the Dungeon.
             The game lasted 00:03:54 (1844 turns).

Kloppie the Insei (Vine Stalker Monk)               Turns: 1844, Time: 00:03:54

Health: 0/23       AC:  2    Str: 14    XL:     4   Next: 95%
Magic:  0/5        EV: 12    Int: 10    God:
Gold:   184        SH:  0    Dex: 17    Spells: 0 memorised, 3 levels left

rFire  . . .     SeeInvis .       - Unarmed
rCold  . . .     Clarity  .     a - +0 robe
rNeg   . . .     SustAt   .     (no shield)
rPois  .         Gourm    .     (no helmet)
rElec  .         Spirit   +     (no cloak)
rCorr  .         Warding  .     (no gloves)
rMut   .         Stasis   .     (no boots)
MR     .....                    (no amulet)
Stlth  ++........               (no ring)
                                (no ring)

@: drained, not resistant to hostile enchantments, unstealthy
A: fangs 2, regeneration 1, magic shield, antimagic bite, no device heal 3, rot
immunity
a: no special abilities


You were on level 3 of the Dungeon.
You were not hungry.

You visited 1 branch of the dungeon, and saw 3 of its levels.

You collected 184 gold pieces.

Inventory:

Armour
 a - a +0 robe (worn)
Jewellery
 i - an uncursed ring of see invisible {unknown}
 q - an uncursed ring of sustain attributes {unknown}
 r - an uncursed amulet of resist corrosion {unknown}
Scrolls
 d - 4 scrolls of noise {unknown}
 e - 2 scrolls of recharging {unknown}
 g - a scroll of enchant weapon {unknown}
 j - a scroll of fear {unknown}
 k - a scroll of immolation {unknown}
 m - a scroll of magic mapping {unknown}
 p - a scroll of identify {unknown}
 t - a scroll of remove curse {unknown}
Potions
 c - 2 potions of curing {unknown}
 h - 3 potions of magic {unknown}
 l - a potion of cancellation {unknown}
 n - a potion of haste {unknown}
 o - a potion of agility {unknown}
Comestibles
 b - 2 bread rations
 f - 4 meat rations
 s - 3 chunks of flesh


   Skills:
 + Level 2.7(2.1) Fighting
 - Level 2.4(1.8) Dodging
 - Level 2.4(1.8) Stealth
 + Level 6.0(5.4) Unarmed Combat


You had 3 spell levels left.
You didn't know any spells.

Dungeon Overview and Level Annotations

Branches:
Dungeon (3/15)

Altars:
Fedhas
Kikubaaqudgha
Nemelex Xobeh
Okawaru
Qazlal
Trog
Vehumet
Yredelemnul
The Shining One


Innate Abilities, Weirdness & Mutations

You have extremely sharp teeth.
Your natural rate of healing is unusually fast.
When hurt, damage is shared between your health and your magic reserves.
Your bite disrupts and absorbs the magic of your enemies.
Potions and wands cannot restore your health.
You are immune to rotting.


Message History

You closely miss the wight.
The wight is severely damaged.
The wight closely misses you.
You closely miss the wight. You bite the wight, but do no damage.
The wight is severely damaged.
The wight barely misses you.
You hit the wight. Your bite misses the wight.
The wight is almost destroyed.
You closely miss the wight. You bite the wight, but do no damage.
The wight is almost destroyed.
The wight misses you.
You hit the wight but do no damage.
The wight is almost destroyed.
The wight hits you with a mace.
You hit the wight but do no damage. You punch the wight, but do no damage.
The wight is almost destroyed.
The wight hits you with a mace!
* * * LOW HITPOINT WARNING * * *
You feel drained.
You die...

... ... ... #.#
#.# #
...####.##.#
......)....# ##
#z# #
#.##@#######
..+#.........%.
#..z....######.
........#
........#
........###
..........#
..#+#+####(####.#
#.#.#.#.........#


You could see 2 wights.

Vanquished Creatures
  4 adders
  An ooze (D:2)
  2 worms (D:2)
  2 giant geckos
  4 orcs (D:3)
  6 bats
  5 giant cockroaches
  7 goblins
  12 hobgoblins
  A quokka (D:1)
  3 giant newts
  5 kobolds
  9 rats
61 creatures vanquished.

Notes
Turn   | Place    | Note
--------------------------------------------------------------
     0 | D:1      | Kloppie the Vine Stalker Monk began the quest for the Orb.
     0 | D:1      | Reached XP level 1. HP: 11/11 MP: 2/2
   139 | D:1      | Reached XP level 2. HP: 16/16 MP: 3/3
   449 | D:1      | Reached XP level 3. HP: 19/19 MP: 4/4
   841 | D:1      | Reached skill level 5 in Unarmed Combat
  1356 | D:2      | Reached XP level 4. HP: 21/23 MP: 5/5
  1411 | D:2      | Found a basalt altar of Yredelemnul.
  1693 | D:3      | Reached skill level 6 in Unarmed Combat
  1745 | D:3      | Found a sparkling altar of Nemelex Xobeh.
  1747 | D:3      | Found an iron altar of Okawaru.
  1749 | D:3      | Found a bloodstained altar of Trog.
  1749 | D:3      | Found an ancient bone altar of Kikubaaqudgha.
  1749 | D:3      | Found a stormy altar of Qazlal.
  1751 | D:3      | Found a radiant altar of Vehumet.
  1751 | D:3      | Found a blossoming altar of Fedhas.
  1752 | D:3      | Found a glowing golden altar of the Shining One.
  1844 | D:3      | HP: 1/23 [wight/mace (4)]
  1844 | D:3      | Slain by a wight

Action                   |  1- 3 |  4- 6 || total
-------------------------+-------+-------++-------
Melee: Unarmed           |   112 |    76 ||   188
 Stab: Sleeping          |     9 |     4 ||    13
  Eat: Chunk             |     1 |     2 ||     3
